TOP OF THE 1ST |
Mt Pleasant Bearcats batting - Pitching for Kingston Iguanas : RHP Fernando Castillo
|
Pitching: RHP Fernando Castillo
|
|
Batting: RHB Roberto Martínez
|
0-0: Ball 1-0: Swinging Strike 1-1: Foul Ball, location: 2F 1-2: Foul Ball, location: 2F 1-2: Ball 2-2: Ball 3-2: Strikes out looking
|
Batting: RHB Irving Galloway
|
0-0: Ball 1-0: Ball 2-0: Ground out 5-3 (Groundball, 5S)
|
Batting: RHB Patrick Potts
|
0-0: Ball 1-0: Foul Ball, location: 2F 1-1: Ground out 6-3 (Groundball, 6M)
|
Top of the 1st over - 0 run(s), 0 hit(s), 0 error(s), 0 left on base; Mt Pleasant 0 - Kingston 0 |
BOTTOM OF THE 1ST |
Kingston Iguanas batting - Pitching for Mt Pleasant Bearcats : LHP Dwight Livingston
|
Pitching: LHP Dwight Livingston
|
|
Batting: RHB Tim Davis
|
0-0: Ball 1-0: Called Strike 1-1: Called Strike 1-2: Ball 2-2: Ground out 6-3 (Groundball, 6)
|
Batting: RHB Bill Crawley
|
0-0: Called Strike 0-1: Ball 1-1: Ball 2-1: Ball 3-1: Foul Ball, location: 2F 3-2: Foul Ball, location: 2F 3-2: Base on Balls
|
Batting: RHB Luis Aguilar
|
0-0: Foul Ball, location: 2F 0-1: Called Strike 0-2: Ball 1-2: Ground out 4-3 (Groundball, 4M) Bill Crawley to second
|
Batting: LHB Dave Gordon
|
0-0: Ball 1-0: Foul Ball, location: 2F 1-1: Ball 2-1: Ground out 4-3 (Groundball, 4M)
|
Bottom of the 1st over - 0 run(s), 0 hit(s), 0 error(s), 1 left on base; Mt Pleasant 0 - Kingston 0 |
TOP OF THE 2ND |
Mt Pleasant Bearcats batting - Pitching for Kingston Iguanas : RHP Fernando Castillo
|
Batting: RHB Pat Fernández
|
0-0: Swinging Strike 0-1: Foul Ball, location: 2F 0-2: Ball 1-2: Foul Ball, location: 2F 1-2: Fly out, F7 (Flyball, 78D)
|
Batting: RHB Ramiro Chávez
|
0-0: Ball 1-0: Called Strike 1-1: Called Strike 1-2: Foul Ball, location: 2F 1-2: SINGLE (Flyball, 78S)
|
Batting: RHB Ricardo Salazar
|
0-0: Grounds into double play, 6-4-3 (Groundball, 6)
|
Top of the 2nd over - 0 run(s), 1 hit(s), 0 error(s), 0 left on base; Mt Pleasant 0 - Kingston 0 |
BOTTOM OF THE 2ND |
Kingston Iguanas batting - Pitching for Mt Pleasant Bearcats : LHP Dwight Livingston
|
Batting: RHB William Duncan
|
0-0: Ball 1-0: Ground out U3 (Groundball, 3S)
|
Batting: LHB Billy Anderson
|
0-0: Fly out, F7 (Popup, 7LS)
|
Batting: RHB Mike Johnson
|
0-0: Foul Ball, location: 2F 0-1: Swinging Strike 0-2: Foul Ball, location: 2F 0-2: Ball 1-2: Strikes out swinging
|
Bottom of the 2nd over - 0 run(s), 0 hit(s), 0 error(s), 0 left on base; Mt Pleasant 0 - Kingston 0 |
TOP OF THE 3RD |
Mt Pleasant Bearcats batting - Pitching for Kingston Iguanas : RHP Fernando Castillo
|
Batting: LHB Colm Massey
|
0-0: Ball 1-0: Foul Ball, location: 2F 1-1: Hit by Pitch
|
Batting: RHB Carlos Luna
|
0-0: Ball 1-0: DOUBLE (Line Drive, 89M) Colm Massey to third
|
Batting: RHB Nicoli Turina
|
0-0: Fly out, F7 (Flyball, 7D) Runner from 3rd tags up, SCORES, no throw Carlos Luna to third
|
Batting: RHB Roberto Martínez
|
0-0: Foul Ball, location: 2F 0-1: Foul Ball, location: 2F 0-2: Ball 1-2: Ball 2-2: Foul Ball, location: 2F 2-2: Foul Ball, location: 2F 2-2: Strikes out looking
|
Batting: RHB Irving Galloway
|
0-0: Foul Ball, location: 2F 0-1: Ball 1-1: Foul Ball, location: 2F 1-2: Strikes out swinging
|
Top of the 3rd over - 1 run(s), 1 hit(s), 0 error(s), 1 left on base; Mt Pleasant 1 - Kingston 0 |
BOTTOM OF THE 3RD |
Kingston Iguanas batting - Pitching for Mt Pleasant Bearcats : LHP Dwight Livingston
|
Batting: LHB Juan Romero
|
0-0: Ball 1-0: Foul Ball, location: 2F 1-1: Ground out 6-3 (Groundball, 6)
|
Batting: RHB Bobby Armstrong
|
0-0: Ball 1-0: Called Strike 1-1: Foul Ball, location: 2F 1-2: Ball 2-2: Ground out 5-3 (Groundball, 6)
|
Batting: RHB Tim Davis
|
0-0: Called Strike 0-1: Swinging Strike 0-2: Strikes out swinging
|
Bottom of the 3rd over - 0 run(s), 0 hit(s), 0 error(s), 0 left on base; Mt Pleasant 1 - Kingston 0 |
TOP OF THE 4TH |
Mt Pleasant Bearcats batting - Pitching for Kingston Iguanas : RHP Fernando Castillo
|
Batting: RHB Patrick Potts
|
0-0: Ground out 5-3 (Groundball, 5S)
|
Batting: RHB Pat Fernández
|
0-0: Foul Ball, location: 2F 0-1: Swinging Strike 0-2: Strikes out swinging
|
Batting: RHB Ramiro Chávez
|
0-0: Ground out 6-3 (Groundball, 6)
|
Top of the 4th over - 0 run(s), 0 hit(s), 0 error(s), 0 left on base; Mt Pleasant 1 - Kingston 0 |
BOTTOM OF THE 4TH |
Kingston Iguanas batting - Pitching for Mt Pleasant Bearcats : LHP Dwight Livingston
|
Batting: RHB Bill Crawley
|
0-0: Ground out 4-3 (Groundball, 34)
|
Batting: RHB Luis Aguilar
|
0-0: Called Strike 0-1: DOUBLE (Flyball, 8RD)
|
Batting: LHB Dave Gordon
|
0-0: Ball 1-0: Ball 2-0: Ground out 1-3 (Groundball, 13S) Luis Aguilar to third
|
Batting: RHB William Duncan
|
0-0: Ball 1-0: Ball 2-0: Called Strike 2-1: Ball 3-1: Base on Balls
|
Batting: LHB Billy Anderson
|
0-0: Ball Wild Pitch! Luis Aguilar scores William Duncan to second 1-0: Swinging Strike 1-1: Called Strike 1-2: Ball 2-2: Strikes out looking
|
Bottom of the 4th over - 1 run(s), 1 hit(s), 0 error(s), 1 left on base; Mt Pleasant 1 - Kingston 1 |
TOP OF THE 5TH |
Mt Pleasant Bearcats batting - Pitching for Kingston Iguanas : RHP Fernando Castillo
|
Batting: RHB Ricardo Salazar
|
0-0: Ball 1-0: Swinging Strike 1-1: Swinging Strike 1-2: Ball 2-2: Strikes out swinging
|
Batting: LHB Colm Massey
|
0-0: Reached on error, E5 (Groundball, 5S)
|
Batting: RHB Carlos Luna
|
0-0: Ball 1-0: Swinging Strike 1-1: Ball 2-1: Swinging Strike 2-2: Strikes out looking
|
Batting: RHB Nicoli Turina
|
0-0: Ball 1-0: Foul Ball, location: 2F 1-1: Foul Ball, location: 2F 1-2: Strikes out looking
|
Top of the 5th over - 0 run(s), 0 hit(s), 1 error(s), 1 left on base; Mt Pleasant 1 - Kingston 1 |
BOTTOM OF THE 5TH |
Kingston Iguanas batting - Pitching for Mt Pleasant Bearcats : LHP Dwight Livingston
|
Batting: RHB Mike Johnson
|
0-0: Called Strike 0-1: Ball 1-1: Ball 2-1: Ball 3-1: Foul Ball, location: 2F 3-2: Base on Balls
|
Batting: LHB Juan Romero
|
0-0: Called Strike Mike Johnson steals 2nd base 0-1: Ball 1-1: Ball 2-1: Ball 3-1: Base on Balls
|
Batting: RHB Bobby Armstrong
|
0-0: Ball 1-0: Swinging Strike 1-1: Ball 2-1: 3-RUN HOME RUN (Flyball, 7D), Distance : 366 ft
|
Batting: RHB Tim Davis
|
0-0: Called Strike 0-1: Foul Ball, location: 2F 0-2: Reached on error, E4 (Groundball, 34)
|
Batting: RHB Bill Crawley
|
0-0: Ball 1-0: Foul Ball, location: 2F 1-1: Foul Ball, location: 2F 1-2: Strikes out swinging
|
Batting: RHB Luis Aguilar
|
0-0: Swinging Strike 0-1: Reached on error, E2 (Groundball, 23) Tim Davis to third
|
Batting: LHB Dave Gordon
|
0-0: Ball 1-0: Foul Ball, location: 2F 1-1: Ball 2-1: Swinging Strike 2-2: Ball 3-2: Base on Balls
|
Batting: RHB William Duncan
|
0-0: Ball 1-0: Ball 2-0: Ball 3-0: Called Strike 3-1: Fielders Choice at 2nd, 6-4 (Groundball, 6) Tim Davis scores Luis Aguilar to third
|
Batting: LHB Billy Anderson
|
0-0: Ball 1-0: Fly out, F7 (Flyball, 78S)
|
Bottom of the 5th over - 4 run(s), 1 hit(s), 2 error(s), 2 left on base; Mt Pleasant 1 - Kingston 5 |
TOP OF THE 6TH |
Mt Pleasant Bearcats batting - Pitching for Kingston Iguanas : RHP Fernando Castillo
|
Batting: RHB Roberto Martínez
|
0-0: Ball 1-0: Swinging Strike 1-1: Foul Ball, location: 2F 1-2: Strikes out looking
|
Batting: RHB Irving Galloway
|
0-0: Ball 1-0: SINGLE (Line Drive, 56D)
|
Batting: RHB Patrick Potts
|
0-0: Ground out 5-3 (Groundball, 56S) Irving Galloway to second
|
Batting: RHB Pat Fernández
|
0-0: SINGLE (Groundball, 4MD) Irving Galloway to third Runner from 3rd tries for Home, SAFE, no throw or cutoff
|
Batting: RHB Ramiro Chávez
|
0-0: Called Strike 0-1: DOUBLE (Line Drive, 9LS) Pat Fernández to third
|
Batting: RHB Ricardo Salazar
|
0-0: Called Strike 0-1: Ball 1-1: DOUBLE (Line Drive, 9LS) Pat Fernández scores Ramiro Chávez scores
|
Batting: LHB Colm Massey
|
0-0: SINGLE (Groundball, 34D) Ricardo Salazar to third Runner from 3rd tries for Home, SAFE, throw made home Colm Massey to second
|
Batting: RHB Carlos Luna
|
0-0: Ball 1-0: Swinging Strike 1-1: Ball 2-1: Ball 3-1: Foul Ball, location: 2F 3-2: Foul Ball, location: 2F 3-2: Fly out, F7 (Flyball, 7M)
|
Top of the 6th over - 4 run(s), 5 hit(s), 0 error(s), 1 left on base; Mt Pleasant 5 - Kingston 5 |
BOTTOM OF THE 6TH |
Kingston Iguanas batting - Pitching for Mt Pleasant Bearcats : LHP Dwight Livingston
|
Batting: RHB Mike Johnson
|
0-0: Called Strike 0-1: Ball 1-1: Swinging Strike 1-2: Strikes out swinging
|
Pitching: LHP León Hernández
|
|
Batting: LHB Juan Romero
|
0-0: Ball 1-0: Ground out 4-3 (Groundball, 4M)
|
Batting: RHB Bobby Armstrong
|
0-0: Swinging Strike 0-1: Fly out, F8 (Flyball, 8LD)
|
Bottom of the 6th over - 0 run(s), 0 hit(s), 0 error(s), 0 left on base; Mt Pleasant 5 - Kingston 5 |
TOP OF THE 7TH |
Mt Pleasant Bearcats batting - Pitching for Kingston Iguanas : RHP Fernando Castillo
|
Batting: RHB Nicoli Turina
|
0-0: Fly out, F9 (Flyball, 9M)
|
Pinch Hitting: RHB Jeffrey Hicks
|
0-0: Called Strike 0-1: Ball 1-1: Ground out 5-3 (Groundball, 56)
|
Batting: RHB Irving Galloway
|
0-0: Ball 1-0: Ball 2-0: Foul Ball, location: 2F 2-1: Called Strike 2-2: Foul Ball, location: 2F 2-2: Strikes out swinging
|
Top of the 7th over - 0 run(s), 0 hit(s), 0 error(s), 0 left on base; Mt Pleasant 5 - Kingston 5 |
BOTTOM OF THE 7TH |
Kingston Iguanas batting - Pitching for Mt Pleasant Bearcats : LHP León Hernández
|
Now in LF: Jeffrey Hicks
|
|
Batting: RHB Tim Davis
|
0-0: Ball 1-0: Ball 2-0: Ball 3-0: Called Strike 3-1: Base on Balls
|
Pinch Hitting: RHB Soshu Nakamura
|
0-0: Sac Bunt - play at first, batter OUT! 1-4 Tim Davis to second
|
Batting: RHB Luis Aguilar
|
0-0: Intentional Walk
|
Batting: LHB Dave Gordon
|
0-0: SINGLE (Line Drive, 89S) Tim Davis to third Luis Aguilar to second Runner from 3rd tries for Home, SAFE, no throw or cutoff
|
Batting: RHB William Duncan
|
0-0: Foul Ball, location: 2F 0-1: SINGLE (Groundball, 56) Luis Aguilar to third Dave Gordon to second Runner from 3rd tries for Home, SAFE, throw made home Dave Gordon to third William Duncan to second
|
Pinch Hitting: LHB Bob Greene
|
0-0: Intentional Walk
|
Batting: RHB Mike Johnson
|
0-0: Called Strike 0-1: Ball 1-1: Called Strike 1-2: Fly out, F8 (Flyball, 8LM) Runner from 3rd tags up, SCORES, throw made
|
Batting: LHB Juan Romero
|
0-0: Ground out 4-3 (Groundball, 4)
|
Bottom of the 7th over - 3 run(s), 2 hit(s), 0 error(s), 2 left on base; Mt Pleasant 5 - Kingston 8 |
TOP OF THE 8TH |
Mt Pleasant Bearcats batting - Pitching for Kingston Iguanas : RHP Fernando Castillo
|
Now at SS: Soshu Nakamura
|
|
Now in RF: Steve Davis
|
|
Batting: RHB Patrick Potts
|
0-0: Foul Ball, location: 2F 0-1: Called Strike 0-2: Foul Ball, location: 2F 0-2: Strikes out swinging
|
Pitching: RHP Guo-fang Juan
|
|
Batting: RHB Pat Fernández
|
0-0: Swinging Strike 0-1: Ball 1-1: Swinging Strike 1-2: Strikes out swinging
|
Batting: RHB Ramiro Chávez
|
0-0: Swinging Strike 0-1: Ball 1-1: Foul Ball, location: 2F 1-2: Strikes out looking
|
Top of the 8th over - 0 run(s), 0 hit(s), 0 error(s), 0 left on base; Mt Pleasant 5 - Kingston 8 |
BOTTOM OF THE 8TH |
Kingston Iguanas batting - Pitching for Mt Pleasant Bearcats : LHP León Hernández
|
Batting: RHB Bobby Armstrong
|
0-0: Called Strike 0-1: Ground out 6-3 (Groundball, 6M)
|
Pitching: RHP Sancho Mendoza
|
|
Batting: RHB Tim Davis
|
0-0: Ground out 3-1 (Groundball, 34)
|
Batting: RHB Soshu Nakamura
|
0-0: Ball 1-0: Called Strike 1-1: Called Strike 1-2: Ball 2-2: Fly out, F8 (Flyball, 8LD)
|
Bottom of the 8th over - 0 run(s), 0 hit(s), 0 error(s), 0 left on base; Mt Pleasant 5 - Kingston 8 |
TOP OF THE 9TH |
Mt Pleasant Bearcats batting - Pitching for Kingston Iguanas : RHP Guo-fang Juan
|
Pitching: RHP Jesús Gonzáles
|
|
Batting: RHB Ricardo Salazar
|
0-0: Fly out, F9 (Flyball, 9M)
|
Batting: LHB Colm Massey
|
0-0: Foul Ball, location: 2F 0-1: Foul Ball, location: 2F 0-2: Ground out 5-3 (Groundball, 56)
|
Batting: RHB Carlos Luna
|
0-0: Ball 1-0: Ground out 5-3 (Groundball, 56S)
|
Top of the 9th over - 0 run(s), 0 hit(s), 0 error(s), 0 left on base; Mt Pleasant 5 - Kingston 8 |
|